 Dungeon Crawl Stone Soup version 0.24.0-123-gd5b16e6ec5 (webtiles) character file.

Game seed: 15615466071815538194, levelgen mode: deterministic

1433 Curus the Cruncher (level 8, -13/84 HPs)
             Began as a Demonspawn Gladiator on Jan 26, 2020.
             Was a Believer of Trog.
             Mangled by an orc warrior
             ... wielding a +0 scimitar
              (18 damage)
             ... on level 6 of the Dungeon.
             The game lasted 00:20:02 (4032 turns).

Curus the Cruncher (Demonspawn Gladiator)           Turns: 4032, Time: 00:20:02

Health: -13/84     AC: 13    Str: 20    XL:     8   Next: 45%
Magic:  8/8        EV: 13    Int: 10    God:    Trog [**....]
Gold:   258        SH:  0    Dex: 16    Spells: 7/7 levels left

rFire    + . .     SeeInvis .   a - +1 quarterstaff
rCold    + . .     Gourm    .   (shield currently unavailable)
rNeg     . . .     Faith    .   b - +2 leather armour
rPois    .         Spirit   .   (helmet restricted)
rElec    .         Reflect  .   (no cloak)
rCorr    .         Harm     .   (no gloves)
MR       .....                  o - +1 pair of boots
Stlth    ..........             i - amulet of regeneration
HPRegen  0.64/turn              e - ring of protection from fire
MPRegen  0.11/turn              r - ring of stealth

@: berserking, sanguine armour, very quick
A: antennae 2, cold resistance 1, rot immunity, sanguine armour 1
a: Berserk, Trog's Hand, Renounce Religion


You were on level 6 of the Dungeon.
You worshipped Trog.
Trog was pleased with you.
You were very hungry.

You visited 1 branch of the dungeon, and saw 6 of its levels.

You collected 258 gold pieces.

Inventory:

Hand Weapons
 a - a +1 quarterstaff (weapon)
Missiles
 d - 4 throwing nets (quivered)
Armour
 b - a +2 leather armour (worn)
 c - a +0 helmet
 n - a +0 leather armour
 o - a +1 pair of boots (worn)
Jewellery
 e - a ring of protection from fire (left hand)
 i - an amulet of regeneration (around neck)
 m - an uncursed ring of magical power
 q - an uncursed amulet of faith
 r - a ring of stealth (right hand)
 t - an uncursed ring of magical power
 w - an uncursed ring of magical power
Scrolls
 h - 4 scrolls of identify
 k - 3 scrolls of remove curse
 l - a scroll of fear
 p - a scroll of teleportation
 u - a scroll of magic mapping
Potions
 g - 2 potions of brilliance
 j - 3 potions of curing
 v - a potion of haste
Comestibles
 f - 7 rations


   Skills:
 - Level 2.0 Fighting
 + Level 10.0 Staves
 - Level 1.7 Throwing
 - Level 2.6 Dodging


You had 7 spell levels left.
You didn't know any spells.
Your spell library was empty.

Dungeon Overview and Level Annotations

Branches:
Dungeon (6/15)             Temple (0/1) D:4

Altars:
Ashenzari
Fedhas
Gozag
Trog
Zin

Annotations:
D:3 exclusion: oklob plant


Innate Abilities, Weirdness & Mutations

You have a pair of antennae on your head.
Your flesh is cold resistant. (rC+)
You are immune to rotting.
When seriously injured, your bleeding wounds create armour. (AC +6)


Message History

The orc warrior is almost dead.
The orc hits you but does no damage. x2
You hit the orc warrior.
The orc warrior is almost dead.
The orc warrior hits you with a +0 scimitar!!
* * * LOW HITPOINT WARNING * * *
The orc closely misses you. The orc barely misses you.
A red film seems to cover your vision as you go berserk!
You feel yourself moving faster!
You feel mighty!
You are feeling very hungry.
The orc hits you but does no damage. The orc warrior misses you.
You closely miss the orc warrior.
The orc warrior is almost dead.
The orc hits you with a +0 club.
* * * LOW HITPOINT WARNING * * *
You closely miss the orc warrior.
The orc warrior is almost dead.
The orc barely misses you.
The orc warrior hits you with a +0 scimitar!!
You die...

#### . ..# . ##.####.
##......# .....#.# #
#..#.#.# .#
#.##.#..#...# #...#
......o.##..### #...#
######o@......# #...#
#oo.#.##.# #...#
#.....##.######...#
#...#.##...........
......#..............
..###................
... ###.#######.#...#
## #># #.#...# #.#
#.#...#


You could see an orc warrior and 3 orcs.

Vanquished Creatures
  Sigmund (D:5)
  2 ogres (D:5)
  A phantom (D:4)
  3 centaurs
  A bullfrog (D:6)
  A howler monkey (D:4)
  3 crimson imps (D:5)
  2 hounds (D:5)
  An orc priest (D:4)
  A bullfrog zombie (D:5)
  2 centaur skeletons
  3 orc wizards
  Jessica (D:3)
  An iguana (D:4)
  2 worker ants (D:4)
  A howler monkey zombie (D:5)
  3 gnolls (D:4)
  9 adders
  An ooze (D:1)
  A worm (D:2)
  2 dart slugs
  6 leopard geckos
  15 orcs
  4 giant cockroaches
  5 goblins
  5 hobgoblins
  4 jackals
  3 quokkas
  4 bats
  6 frilled lizards
  5 kobolds
  A leopard gecko skeleton (D:4)
  9 rats
109 creatures vanquished.

Notes
Turn   | Place    | Note
-------+----------+-------------------------------------------
     0 | D:1      | Curus the Demonspawn Gladiator began the quest for the Orb.
     0 | D:1      | Reached XP level 1. HP: 16/16 MP: 1/1
    24 | D:1      | Reached skill level 3 in Staves
    25 | D:1      | Gained mutation: You have a pair of small antennae on your
                  | head. [demonic ancestry]
    25 | D:1      | Reached XP level 2. HP: 3/22 MP: 2/2
   635 | D:1      | Gained mutation: You are immune to rotting. [demonic
                  | ancestry]
   635 | D:1      | Reached XP level 3. HP: 27/27 MP: 3/3
   807 | D:2      | Reached skill level 4 in Staves
  1015 | D:2      | Gained mutation: When seriously injured, your bleeding
                  | wounds create armour. (AC +6) [demonic ancestry]
  1015 | D:2      | Reached XP level 4. HP: 30/33 MP: 4/4
  1486 | D:3      | Found a glowing silver altar of Zin.
  1803 | D:3      | Found a blossoming altar of Fedhas.
  1826 | D:3      | Noticed an oklob plant
  1918 | D:3      | Found an opulent altar of Gozag.
  1918 | D:3      | Found a shattered altar of Ashenzari.
  1920 | D:3      | Noticed Jessica
  1930 | D:3      | Killed Jessica
  1930 | D:3      | Reached skill level 5 in Staves
  2193 | D:3      | Gained mutation: Your flesh is cold resistant. (rC+)
                  | [demonic ancestry]
  2193 | D:3      | Reached XP level 5. HP: 35/38 MP: 5/5
  2350 | D:3      | Found a bloodstained altar of Trog.
  2356 | D:3      | Became a worshipper of Trog the Wrathful
  2491 | D:4      | Noticed a phantom
  2507 | D:4      | HP: 1/38 [orc/+0 mace (4)]
  2522 | D:4      | Killed a phantom
  2522 | D:4      | Reached skill level 6 in Staves
  2633 | D:4      | Gained mutation: You have a pair of antennae on your head.
                  | [demonic ancestry]
  2633 | D:4      | Reached XP level 6. HP: 36/44 MP: 6/6
  2835 | D:4      | Found a staircase to the Ecumenical Temple.
  3002 | D:4      | Reached * piety under Trog
  3002 | D:4      | Reached skill level 7 in Staves
  3112 | D:4      | Reached XP level 7. HP: 48/50 MP: 7/7
  3195 | D:5      | Entered Level 5 of the Dungeon
  3309 | D:5      | Reached skill level 8 in Staves
  3519 | D:5      | Noticed Sigmund
  3536 | D:5      | Killed Sigmund
  3551 | D:5      | Reached skill level 9 in Staves
  3551 | D:5      | Reached XP level 8. HP: 37/56 MP: 8/8
  3784 | D:5      | Reached ** piety under Trog
  4005 | D:6      | Reached skill level 10 in Staves
  4032 | D:6      | Mangled by an orc warrior

Levels and vault maps discovered:
D:1:      lightli_arrival_boilingwater, layout_basic, minmay_strange_pillars,
          minmay_pentomino_r4
D:2:      layout_loops_ring
D:3:      layout_loops_corners, lemuel_crystal_altar,
          gammafunk_temple_overflow_forgotten, first_ration, tgw_fedhas,
          uniq_jessica
D:4:      layout_loops_ring, minmay_temple_entry_grid
D:5:      layout_rooms, minivault_19, uniq_sigmund
D:6:      layout_loops_cross

Skill      XL: |  1  2  3  4  5  6  7  8 |
---------------+-------------------------+-----
Staves         | 3 4 5 6 7 9 10 | 10.0
Fighting       | |  2.0
Throwing       | |  1.7
Dodging        | |  2.6

Action                   |  1- 3 |  4- 6 |  7- 9 || total
-------------------------+-------+-------+-------++-------
Melee: Quarterstaff      |    66 |   172 |   200 ||   438
Invok: Berserk           |       |       |     3 ||     3
  Use: Scroll            |     7 |     6 |     2 ||    15
       Potion            |     5 |     3 |       ||     8
 Stab: Sleeping          |       |     4 |       ||     4
  Eat: Chunk             |       |     7 |     5 ||    12
Armor: Leather armour    |    18 |    32 |    72 ||   122
Dodge: Dodged            |    36 |    89 |   146 ||   271
